 Dungeon Crawl Stone Soup version 0.28.0-53-g5a82cb258f (webtiles) character file.

Game seed: 11016449015141600047

44 Eitelfritz the Ducker (level 3, 0/27 HPs)
             Began as a Demonspawn Gladiator on Aug 20, 2022.
             Was an Initiate of Makhleb.
             Slain by an adder (2 damage)
             ... on level 2 of the Dungeon.
             The game lasted 00:01:50 (1763 turns).

Eitelfritz the Ducker (Demonspawn Gladiator)        Turns: 1763, Time: 00:01:50

Health: 0/27       AC:  4    Str: 16    XL:     3   Next: 39%
Magic:  3/3        EV: 12    Int:  9    God:    Makhleb [......]
Gold:   62         SH:  0    Dex: 14    Spells: 2/2 levels left

rFire   . . .      SeeInvis .   a - +0 long sword
rCold   . . .      Faith    .   (no shield)
rNeg    . . .      Spirit   .   b - +0 leather armour
rPois   .          Reflect  .   c - +0 helmet
rElec   .          Harm     .   (no cloak)
rCorr   .          Rampage  .   (no gloves)
Will    .....                   (no boots)
Stlth   +.........              (no amulet)
HPRegen 0.09/turn               (no ring)
MPRegen 0.16/turn               (no ring)

@: lethally poisoned (0 -> -3)
A: hooves 1, magic regeneration
a: Renounce Religion


You were on level 2 of the Dungeon.
You worshipped Makhleb.
Makhleb was noncommittal.
You visited 1 branch of the dungeon, and saw 2 of its levels.

You collected 62 gold pieces.

Inventory:

Hand Weapons
 a - a +0 long sword (weapon)
Missiles
 d - 3 throwing nets (quivered)
 j - 2 poisoned darts
Armour
 b - a +0 leather armour (worn)
 c - a +0 helmet (worn)
Scrolls
 e - 2 scrolls of teleportation {unknown}
 f - a scroll of enchant armour {unknown}
 h - a scroll of identify {unknown}
 i - a scroll of vulnerability {unknown}


   Skills:
 + Level 2.2 Fighting
 + Level 3.1 Long Blades
 + Level 1.8 Throwing
 + Level 1.2 Armour
 + Level 3.1 Dodging


You had 2 spell levels left.
You didn't know any spells.
Your spell library was empty.

Dungeon Overview and Level Annotations

Branches:
Dungeon (2/15)

Altars:
Makhleb


Innate Abilities, Weirdness & Mutations

You have large cloven feet.
You regenerate magic rapidly.


Message History

You miss the adder. The adder closely misses you. The adder bites you.
You are poisoned.
The adder poisons you!
You miss the adder. Your kick misses the adder.
You feel very sick. The adder bites you but does no damage.
The adder barely misses you.
You closely miss the adder. You kick the adder.
The adder is moderately wounded.
You feel sick. The adder bites you.
You are more poisoned.
The adder poisons you!
You miss the adder.
The adder is moderately wounded.
You feel very sick. The adder closely misses you. The adder barely misses you.
You closely miss the adder.
The adder is moderately wounded.
You feel sick. The adder closely misses you.
The adder bites you but does no damage.
You closely miss the adder.
The adder is moderately wounded.
You feel sick. The adder bites you but does no damage.
You miss the adder. Your kick misses the adder.
The adder is moderately wounded.
You feel sick. The adder bites you. x2
You are more poisoned.
The adder poisons you!
You miss the adder.
The adder is moderately wounded.
You feel sick. The adder bites you.
* * * LOW HITPOINT WARNING * * *
The adder closely misses you.
It was a potion of magic.
Magic courses through your body.
* * * LOW HITPOINT WARNING * * *
You feel sick. The adder bites you but does no damage.
You closely miss the adder. Your kick misses the adder.
The adder is moderately wounded.
* * * LOW HITPOINT WARNING * * *
You feel sick. The adder bites you.
You die...

#.# #.# #.# #.###
#...## ###.#..#
#......# #
##############......#
..
......S@........_...#
.#
##############......#
+# #......# ###....#
######


You could see an adder.

Vanquished Creatures
  2 worms (D:2)
  A dart slug (D:1)
  2 bats (D:1)
  2 endoplasms
  A giant cockroach (D:1)
  5 goblins
  5 hobgoblins
  A ball python (D:1)
  2 frilled lizards
  7 kobolds
  7 rats
35 creatures vanquished.

Notes
Turn   | Place    | Note
-------+----------+-------------------------------------------
     0 | D:1      | Eitelfritz the Demonspawn Gladiator began the quest for the
                  | Orb.
     0 | D:1      | Reached XP level 1. HP: 16/16 MP: 1/1
   238 | D:1      | Gained mutation: You have large cloven feet. [demonic
                  | ancestry]
   238 | D:1      | Reached XP level 2. HP: 4/22 MP: 2/2
  1041 | D:1      | You fall into a shaft and drop 1 floor!
  1244 | D:2      | Gained mutation: You regenerate magic rapidly. [demonic
                  | ancestry]
  1244 | D:2      | Reached XP level 3. HP: 27/27 MP: 3/3
  1475 | D:2      | Reached skill level 1 in Armour
  1731 | D:2      | Found a burning altar of Makhleb.
  1742 | D:2      | Became a worshipper of Makhleb the Destroyer
  1763 | D:2      | Slain by an adder

Illustrated notes

Levels and vault maps discovered:
D:1:      lightli_arrival_chessboard, layout_loops_ring
D:2:      layout_basic, basic_altar, serial_bayou_crossing

Skill      XL: |  1  2  3 |
---------------+----------+-----
Dodging        | 3 |  3.1
Long Blades    | 3 |  3.1
Armour         | 1 |  1.2
Fighting       | |  2.2
Throwing       | |  1.8

Action                   || total
-------------------------++-------
Melee: Long sword        ||   123
       Kick              ||    23
       Punch             ||     4
  Use: Potion            ||     1
Armor: Leather armour    ||    45
Dodge: Dodged            ||    80
